AoeStats
← +elko4+ -on the road to 0MMR

MegaRandom

510619034Analyzed
4v4 RM · 12h ago on Oct 1, 2026· 28m 27s· 8 players
Game mode
Random Map
Map size
Large (8 player)
Population
200
Speed
Normal
Resources
Standard
Victory
Conquest
Starting age
Dark Age
Ending age
Imperial Age
RankedLock teamsTeams togetherTeam positionsShared explorationLock speedFull tech treeHidden civsTurbo modeCheats
Victory
Defeat
🇲🇽 Mongols · Mexico
1311
+11
🇦🇹 Huns · Austria
1297
+11
1229
+14
🇸🇪 Koreans · Sweden
1117
+18
🇺🇸 Sicilians · United States
1229
-15
1208
-15
🇪🇸 Danes · Spain
1182
-13
🇮🇹 Ethiopians · Italy
1132
-11
BittenDork
5:25 Loom
14:44 Feudal Age
21:40 Castle Age
21:06 Double-Bit Axe
+elko4+ -on the road to 0MMR
10:25 Loom
15:55 Feudal Age
16:21 Horse Collar
23:34 Castle Age
24:11 Pikeman
27:26 Wheelbarrow
26:49 Double-Bit Axe
28:41 Squires
passami lo sdrogo
Jambo
4:28 Loom
12:28 Feudal Age
16:49 Castle Age
17:29 Scale Mail Armor
19:36 Horse Collar
20:34 Heavy Plow
24:49 Double-Bit Axe
25:37 Chain Mail Armor
Dingodan
5:54 Loom
14:05 Feudal Age
14:42 Double-Bit Axe
14:56 Town Watch
14:59 Horse Collar
19:48 Castle Age
19:21 Fletching
19:29 Gold Mining
23:13 Heavy Plow
24:41 Wheelbarrow
27:37 Bodkin Arrow
ElMilVoces
5:16 Loom
12:39 Feudal Age
13:10 Double-Bit Axe
17:27 Castle Age
15:44 Gold Mining
16:57 Stone Mining
16:50 Horse Collar
21:45 Husbandry
22:14 Town Watch
25:32 Fletching
26:20 Padded Archer Armor
タタールが村に入った5番
4:14 Loom
12:59 Feudal Age
19:23 Castle Age
19:18 Scale Barding Armor
23:13 Forging
26:03 Fletching
27:15 Bodkin Arrow
27:41 Husbandry
scarabe
11:47 Loom
14:27 Feudal Age
15:18 Double-Bit Axe
19:47 Castle Age
17:48 Horse Collar
20:44 Bow Saw
24:37 Town Watch
25:36 Fervor
25:48 Forging
26:46 Squires
28:27 Wheelbarrow
28:35 Arson
Connection lost

Rejoining the realm…

Still unreachable

The connection could not be restored.

Session expired

The server has moved on; the page needs a fresh start.